 Dungeon Sprint DCSS version 0.31-a0-325-g067879e3d3 (webtiles) character file.

Game seed: 10177580652045539308

3285 Conn the Arsonist (level 10, -3/56 HPs)
             Began as an Octopode Fire Elementalist on July 18, 2023.
             Was a High Priest of Sif Muna.
             Slain by Erolcha
             ... wielding a +0 giant club
              (47 damage)
             ... in the Dungeon (Sprint III: "The Ten Rune Challenge").
             The game lasted 00:10:53 (1748 turns).

Conn the Arsonist (Octopode Fire Elementalist)      Turns: 1748, Time: 00:10:54

Health: -3/56      AC:  1    Str:  8    XL:     10   Next: 1%
Magic:  17/29      EV: 15    Int: 22    God:    Sif Muna [*****.]
Gold:   1901       SH:  4    Dex: 15    Spells: 0/34 levels left

rFire   . . .        c - +1 flail "Sute" {vamp, Dex+3}
rCold   . . .        (no shield)
rNeg    . . .        (helmet restricted)
rPois   .            (no amulet)
rElec   .            (no ring)
rCorr   .            (no ring)
SInv    .            (no ring)
Will    +....        (no ring)
Stlth   +++++        (no ring)
HPRegen 0.29/turn    (no ring)
MPRegen 0.21/turn    (no ring)
                     (no ring)

%: no teleportation
@: very slightly contaminated
A: almost no armour, amphibious, 8 rings, camouflage 1, gelatinous body 1,
(nimble swimmer 1), tentacles, large bone plates 1, high MP 1, strong-willed 1
a: Renounce Religion, Channel Magic, Forget Spell, Divine Exegesis


You were in the Dungeon.
You worshipped Sif Muna.
Sif Muna was extremely pleased with you.
You visited 1 branch You collected 2122 gold pieces.
You spent 221 gold pieces at shops.

Inventory:

Hand Weapons
 c - the +1 flail "Sute" (weapon) {vamp, Dex+3}
   (You bought it in a shop in the Dungeon)

   Dex:       It affects your dexterity (+3).
 h - a +4 dagger of speed
 n - a +0 dagger of protection
 o - a +0 long sword of holy wrath
Magical Staves
 g - a staff of poison
Scrolls
 f - 2 scrolls of blinking
 j - 2 scrolls of immolation {unknown}
Potions
 a - 3 potions of magic
 b - 2 potions of curing
 e - a potion of berserk rage
 i - a potion of resistance
 l - a potion of enlightenment
 m - 2 potions of mutation


   Skills:
 + Level 0.3 Fighting
 + Level 0.1(1.9) Maces & Flails
 + Level 3.1 Staves
 + Level 4.4 Dodging
 + Level 8.2 Stealth
 + Level 0.1 Shields
 * Level 12.5 Spellcasting
 * Level 5.8 Conjurations
 + Level 2.5 Hexes
 * Level 13.8 Fire Magic
 * Level 6.5 Air Magic
 + Level 2.5 Invocations


You couldn't memorise any spells.
You knew the following spells:

 Your Spells              Type           Power      Damage    Failure   Level
a - Foxfire               Conj/Fire      100%       2x1d9     1%          1
b - Scorch                Fire           100%       2d9       1%          2
c - Inner Flame           Hex/Fire       49%        N/A       1%          3
d - Flame Wave            Conj/Fire      55%        2d13      1%          4
e - Vhi's Electric Charg  Tloc/Air       56%        N/A       3%          3
f - Arcjolt               Conj/Air       20%        1d30      10%         5
g - Plasma Beam           Fire/Air       28%        2x1d40    11%         6
h - Mephitic Cloud        Conj/Pois/Air  32%        N/A       2%          3
i - Olgreb's Toxic Radia  Pois           13%        N/A       43%         4
j - Ignite Poison         Fire/Tmut/Pois 34%        N/A       1%          3

Your spell library contained the following spells:

 Spells                   Type           Power      Damage    Failure   Level
 Poisonous Vapours        Pois/Air       56%        N/A       1%          2
 Volatile Blastmotes      Fire/Tloc      88%        2d17      1%          3
 Cigotuvi's Dreadful Rot  Necr/Pois/Air  46%        N/A       3%          2
 Ignition                 Fire           32%        3d10      71%         8
 Discord                  Hex            12%        N/A       100%        8


Dungeon Overview and Level Annotations

Branches:
Dungeon (1/1)

Altars:
Dithmenos
Elyvilon
Fedhas
Kikubaaqudgha
Okawaru
Qazlal
Ru
Sif Muna
Trog
Uskayaw
Vehumet
Wu Jian
Yredelemnul
Zin
The Shining One

Shops:
D (

Annotations:
D Erolcha


Innate Abilities, Weirdness & Mutations

You cannot wear most types of armour.
You are amphibious.
You can wear up to eight rings at the same time.
Your skin changes colour to match your surroundings (Stealth+).
Your rubbery body absorbs attacks. (AC +1, EV +1)
((You are camouflaged when in or above water. (Stealth+)))
You have tentacles for arms and can constrict up to eight enemies at once.
You are partially covered in large bone plates. (SH +4)
You have an increased reservoir of magic. (+10% MP)
You are strong-willed. (Will+)


Message History

The ball explodes into a vile cloud!
You hear two shouts!
The stinking cloud engulfs Erolcha but does no damage.
Erolcha shouts!
You hear two shouts!
You hear a shout! x2
A two-headed ogre comes into view. It is wielding two +0 giant clubs.
Erolcha is engulfed in noxious fumes.
Unknown command.
Unknown command.
Casting: Mephitic Cloud (dangerous; 2% risk of failure)
Confirm with . or Enter, or press ? or * to list all spells.
The spell is quite dangerous to miscast (11% risk of failure)!
Continue anyway?
Casting: Plasma Beam (quite dangerous; 11% risk of failure)
Press: ? - help, Dir - look around, f - activate You miscast Plasma Beam.
You are very lightly contaminated with residual magic.
Flames sear your flesh!
The two-headed ogre is engulfed in noxious fumes.
Erolcha is engulfed in noxious fumes.
Casting: Plasma Beam (quite dangerous; 11% risk of failure)
Confirm with . or Enter, or press ? or * to list all spells.
Aiming: Mephitic Cloud (dangerous; 2% risk of failure)
Press: ? - help, Shift-Dir - straight line, f - Erolcha
Aim: Erolcha, wielding a +0 giant club and wearing a +0 robe (noxious fumes, chance to affect: 72%) That beam is likely to hit you.
Continue anyway?
The ball explodes into a vile cloud!
The stinking cloud engulfs Erolcha but does no damage.
The stinking cloud engulfs you but does no damage.
You are engulfed in noxious fumes.
Erolcha is engulfed in noxious fumes.
Erolcha misses you.
Unknown command.
Unknown command.
Unknown command.
Unknown command.
Erolcha mumbles some strange words.
Erolcha flickers and vanishes!
Deactivating autopickup; reactivate with Ctrl-A.
Unknown command.
Something hits you!!!
Ouch! That really hurt!
You die...

#### #..##..#.#######
#__###..##....+.#...#
#._#.....)...##.#.ee#
#'##........###.#e..≈≈
...#........∩.#.#.ee##
...#..##..#####.+...#
##'#.###.#.# ######
..)#)##############
...#....#.#.#...@§#
...##.#..#.##.###{#
...'##)#.#.##.# .##
...#...#..#..##..
▓▓▓▓▓▓▓▓▓▓▓▓▓▓▓▓▓


There were no monsters in sight!

Vanquished Creatures
  An orc knight (D)
  A deep elf pyromancer (D)
  2 orc sorcerers (D)
  A shadow (D)
  A spatial vortex (D)
  2 orc warriors (D)
  4 two-headed ogres (D)
  A necrophage (D)
  A water elemental (D)
  A jelly (D)
  2 orc priests (D)
  Jessica (D)
  A wizard (D)
  A necromancer (D)
  3 orc wizards (D)
  3 humans (D)
  A kobold demonologist (D)
  A wolf (D)
  5 orcs (D)
  3 rats (D)
36 creatures vanquished.

Vanquished Creatures (others)
  124 foxfires (D)
124 creatures vanquished.

Grand Total: 160 creatures vanquished

Notes
Turn   | Place    | Note
-------+----------+-------------------------------------------
     0 | D        | Conn the Octopode Fire Elementalist began the quest for the
                  | Orb.
     0 | D        | Reached XP level 1. HP: 11/11 MP: 3/3
    31 | D        | Noticed Jessica
    63 | D        | Killed Jessica
    64 | D        | Reached skill level 5 in Fire Magic
    64 | D        | Reached XP level 2. HP: 2/17 MP: 4/6
    64 | D        | Reached XP level 3. HP: 2/21 MP: 4/7
   157 | D        | Learned a level 2 spell: Scorch
   161 | D        | Learned a level 3 spell: Inner Flame
   176 | D        | Reached XP level 4. HP: 27/27 MP: 0/9
   261 | D        | Learned a level 4 spell: Flame Wave
   287 | D        | Gained mutation: Your muscles are strong. (Str +4, Int/Dex
                  | -1) [potion of mutation]
   288 | D        | Lost mutation: Your muscles are strong. (Str +4, Int/Dex
                  | -1) [potion of mutation]
   288 | D        | Gained mutation: You have an increased reservoir of magic.
                  | (+10% MP) [potion of mutation]
   288 | D        | Gained mutation: You sometimes lose your temper in combat.
                  | [potion of mutation]
   288 | D        | Gained mutation: One of your tentacles bears a spike.
                  | [potion of mutation]
   289 | D        | Lost mutation: One of your tentacles bears a spike. [potion
                  | of mutation]
   289 | D        | Lost mutation: You sometimes lose your temper in combat.
                  | [potion of mutation]
   289 | D        | Gained mutation: You are partially covered in large bone
                  | plates. (SH +4) [potion of mutation]
   289 | D        | Gained mutation: You are strong-willed. (Will+) [potion of
                  | mutation]
   303 | D        | Noticed a water elemental
   307 | D        | Killed a water elemental
   308 | D        | Reached skill level 5 in Stealth
   308 | D        | Reached skill level 7 in Fire Magic
   308 | D        | Reached XP level 5. HP: 31/31 MP: 2/13
   397 | D        | Noticed a human
   397 | D        | Noticed a human
   408 | D        | Killed a human
   409 | D        | Reached skill level 1 in Staves
   409 | D        | Reached skill level 8 in Fire Magic
   409 | D        | Reached XP level 6. HP: 36/36 MP: 7/16
   414 | D        | Killed a human
   415 | D        | Reached skill level 9 in Fire Magic
   530 | D        | Found an ornate altar of the Wu Jian Council.
   531 | D        | Found a hide-covered altar of Uskayaw.
   531 | D        | Found a bloodstained altar of Trog.
   533 | D        | Found an iron altar of Okawaru.
   542 | D        | Found a radiant altar of Vehumet.
   542 | D        | Found a shimmering blue altar of Sif Muna.
   542 | D        | Found an ancient bone altar of Kikubaaqudgha.
   547 | D        | Reached skill level 10 in Fire Magic
   550 | D        | Noticed a hellwing
   551 | D        | Reached XP level 7. HP: 41/41 MP: 16/19
   560 | D        | Became a worshipper of Sif Muna the Loreminder
   571 | D        | Found a glowing silver altar of Zin.
   571 | D        | Found a glowing golden altar of the Shining One.
   571 | D        | Found a white marble altar of Elyvilon.
   571 | D        | Noticed a deep elf pyromancer
   575 | D        | Noticed a fire elemental
   575 | D        | Killed a deep elf pyromancer
   576 | D        | Reached skill level 11 in Fire Magic
   576 | D        | Reached XP level 8. HP: 46/46 MP: 15/23
   625 | D        | Learned a level 3 spell: Vhi's Electric Charge
   631 | D        | Learned a level 5 spell: Arcjolt
   638 | D        | Learned a level 6 spell: Plasma Beam
   641 | D        | Found a basalt altar of Yredelemnul.
   641 | D        | Found a shadowy altar of Dithmenos.
   641 | D        | Found a sacrificial altar of Ru.
   644 | D        | Reached * piety under Sif Muna
   645 | D        | Reached skill level 1 in Air Magic
   674 | D        | Noticed a shadow
   678 | D        | Killed a shadow
   759 | D        | Reached ** piety under Sif Muna
   764 | D        | Reached skill level 10 in Spellcasting
   764 | D        | Reached skill level 1 in Hexes
   764 | D        | Reached skill level 12 in Fire Magic
   893 | D        | Noticed an orc knight
   951 | D        | Killed an orc knight
   952 | D        | Reached skill level 1 in Invocations
   952 | D        | Reached XP level 9. HP: 24/51 MP: 8/26
   997 | D        | Noticed an orc sorcerer
  1004 | D        | Killed an orc sorcerer
  1004 | D        | Reached *** piety under Sif Muna
  1005 | D        | Reached skill level 5 in Conjurations
  1005 | D        | Reached skill level 13 in Fire Magic
  1005 | D        | Reached skill level 5 in Air Magic
  1148 | D        | Reached **** piety under Sif Muna
  1301 | D        | Noticed an orc sorcerer
  1344 | D        | Killed an orc sorcerer
  1448 | D        | Reached ***** piety under Sif Muna
  1475 | D        | Found a blossoming altar of Fedhas.
  1476 | D        | Found a stormy altar of Qazlal.
  1488 | D        | Found Lucziy's Antique Weapon Shop.
  1511 | D        | Bought a scorched flail for 221 gold pieces
  1511 | D        | Identified the +1 flail "Sute" {vamp, Dex+3} (You bought it
                  | in a shop in the Dungeon)
  1534 | D        | Learned a level 8 spell: Ignition
  1536 | D        | Noticed a deep elf pyromancer
  1536 | D        | Noticed a deep elf zephyrmancer
  1536 | D        | Noticed a deep elf knight
  1536 | D        | Noticed a deep elf pyromancer
  1536 | D        | Noticed a deep elf knight
  1566 | D        | Noticed a two-headed ogre
  1622 | D        | Killed a two-headed ogre
  1622 | D        | Received a gift from Sif Muna
  1623 | D        | Reached XP level 10. HP: 56/56 MP: 21/29
  1661 | D        | Got Jok Roen's Cyclopedia of Venom {god gift}
  1714 | D        | Learned a level 3 spell: Mephitic Cloud
  1719 | D        | Learned a level 4 spell: Olgreb's Toxic Radiance
  1723 | D        | Learned a level 3 spell: Ignite Poison
  1743 | D        | Noticed Erolcha
  1748 | D        | Slain by Erolcha

Illustrated notes

Levels and vault maps discovered:
D:        dungeon_sprint_mu [sprint_mu_entry_forest, sprint_mu_temple_rooms,
          sprint_mu_d1_spiders, sprint_mu_d2_genie, sprint_mu_d3_branching,
          sprint_mu_orc_legion, sprint_mu_elf_gauntlet, sprint_mu_hive_nellie,
          sprint_mu_lair_fedhas, sprint_mu_vaults_butterflies,
          sprint_mu_slime_circle, sprint_mu_shoals_archi,
          sprint_mu_snake_twists, sprint_mu_blade_basic,
          sprint_mu_crypt_chambers, sprint_mu_tomb_spiral,
          sprint_mu_vestibule_basic, sprint_mu_gehenna_hellfire,
          sprint_mu_dis_giant, sprint_mu_tartarus_statrot,
          sprint_mu_cocytus_islands, sprint_mu_zot1]

Skill      XL: |  1  2  3  4  5  6  7  8  9 |
---------------+----------------------------+-----
Stealth        | 3 4 5 6 7 8 |  8.2
Spellcasting   | 3 4 6 7 9 11 12 | 12.5
Fire Magic     | 5 7 8 10 11 12 13 | 13.8
Dodging        | 3 4 |  4.4
Conjurations   | 2 3 4 5 |  5.8
Staves         | 1 2 3 |  3.1
Air Magic      | 4 6 |  6.5
Hexes          | 1 2 |  2.5
Invocations    | 1 2 |  2.5
Fighting       | |  0.3
Maces & Flails | |  0.1
Shields        | |  0.1

Action                     |  1- 3 |  4- 6 |  7- 9 | 10-12 || total
---------------------------+-------+-------+-------+-------++-------
  Melee: Staff             |     3 |     2 |       |       ||     5
         Constrict         |     1 |     2 |     1 |       ||     4
         Tentacles         |     1 |     1 |       |       ||     2
         Dagger            |       |     4 |       |       ||     4
         Flail             |       |       |     2 |       ||     2
   Cast: Foxfire           |    11 |       |    57 |       ||    68
         Scorch            |       |    12 |    32 |       ||    44
         Inner Flame       |       |       |    11 |       ||    11
         Flame Wave        |       |       |     4 |       ||     4
         Mephitic Cloud    |       |       |       |     2 ||     2
 Invoke: Channel Magic     |       |       |     1 |       ||     1
         Forget Spell      |       |       |       |     1 ||     1
    Use: Potion            |       |     3 |     3 |       ||     6
         Scroll            |       |       |       |     2 ||     2
   Stab: Sleeping          |     1 |     1 |       |       ||     2
  Dodge: Dodged            |     2 |     3 |     7 |     1 ||    13
  Block: Other             |       |       |     2 |       ||     2

Table legend: (Time is in decaauts)
 A = Elapsed time spent in this place.
 B = Non-inter-level travel time spent in this place.
 C = Inter-level travel time spent in this place.
 D = Time resting spent in this place.
 E = Time spent auto-exploring this place.
 F = Levels seen in this place.
 G = Mean time per level.
                   A        B        C        D        E       F      G
               +--------+--------+--------+--------+--------+-----+--------+
         Total |   1728 |   1728 |      0 |    987 |      0 |   1 | 1728.0 |
       Dungeon |   1728 |   1728 |      0 |    987 |      0 |   1 | 1728.0 |
               +--------+--------+--------+--------+--------+-----+--------+

Top non-repeatable levels by time:
       D: 1728 daAuts
